 Dungeon Crawl Stone Soup version 0.27.1-2-g3b301248ec (webtiles) character file.

Game seed: 6165482907802969019

1134 Crownlay the Cleaver (level 8, -8/64 HPs)
             Began as a Minotaur Fighter on Sept 22, 2021.
             Splashed by a jelly's acid (11 damage)
             ... on level 5 of the Dungeon.
             The game lasted 00:04:37 (2034 turns).

Crownlay the Cleaver (Minotaur Fighter)             Turns: 2034, Time: 00:04:37

Health: -8/64      AC: -9    Str: 22    XL:     8   Next: 14%
Magic:  7/7        EV:  9    Int:  5    God:
Gold:   160        SH:  0    Dex: 11    Spells: 7/7 levels left

rFire    . . .     SeeInvis .   i - +2 hand axe (flame)
rCold    . . .     Faith    .   (no shield)
rNeg     . . .     Spirit   .   b - +0 scale mail
rPois    .         Reflect  .   (helmet restricted)
rElec    .         Harm     .   (no cloak)
rCorr    .         Rampage  .   (no gloves)
Will     .....                  (no boots)
Stlth    ..........             h - amulet of regeneration
HPRegen  1.20/turn              (no ring)
MPRegen  0.10/turn              (no ring)

@: corroded
A: horns 2, retaliatory headbutt
a: no special abilities


You were on level 5 of the Dungeon.
You visited 1 branch of the dungeon, and saw 5 of its levels.

You collected 160 gold pieces.

Inventory:

Hand Weapons
 a - a +0 war axe
 e - a +1 whip of electrocution
 i - a +2 hand axe of flaming (weapon)
Armour
 b - a +0 scale mail (worn)
 c - a +0 kite shield
Jewellery
 h - an amulet of regeneration (around neck)
Wands
 k - a wand of polymorph (5)
 l - a wand of iceblast (8)
Scrolls
 d - a scroll of enchant weapon {unknown}
 g - 2 scrolls of fog {unknown}
 m - a scroll of teleportation {unknown}
Potions
 f - 3 potions of degeneration {unknown}
 j - a potion of heal wounds {unknown}
 n - a potion of resistance {unknown}
 o - a potion of flight {unknown}


   Skills:
 - Level 3.6 Fighting
 + Level 11.5 Axes
 - Level 3.6 Armour
 - Level 3.6 Shields


You had 7 spell levels left.
You didn't know any spells.
Your spell library contained the following spells:

 Spells                   Type           Power      Damage    Failure   Level
 Animate Skeleton         Necr           0%         N/A       80%         1
 Pain                     Necr           0%         1d4       80%         1
 Conjure Flame            Conj/Fire      0%         6-21      99%         3
 Ignite Poison            Fire/Tmut/Pois 0%         N/A       99%         3
 Stone Arrow              Conj/Erth      0%         3d7       99%         3
 Vampiric Draining        Necr           0%         2d6       99%         3
 Animate Armour           Summ/Erth      0%         N/A       100%        4
 Sticky Flame             Conj/Fire      0%         2d3       100%        4
 Lehudib's Crystal Spear  Conj/Erth      0%         10d2      100%        8


Dungeon Overview and Level Annotations

Branches:
Dungeon (6/15)
 Temple: D:4-7

Altars:

Shops:
D:5 !


Innate Abilities, Weirdness & Mutations

You have a pair of horns on your head.
You reflexively headbutt those who attack you in melee.


Message History

You are too injured to fight recklessly!
You are too injured to fight recklessly!
You hit the jelly but do no damage.
Your hands burn!
* * * LOW HITPOINT WARNING * * *
The jelly is lightly wounded.
You barely miss the water moccasin zombie.
The water moccasin zombie barely misses you.
You furiously retaliate!
You headbutt the water moccasin zombie, but do no damage.
Things that are here:
a +0 dire flail; a +0 robe; the orc corpse of Blork the orc
Things that are here:
a +0 hand axe; an orc corpse
There is a stone staircase leading up here.
The jelly hits you.
You are splashed with acid!
You climb upwards.
There is a stone staircase leading down here.
You completely miss the jelly. You headbutt the jelly!
The jelly is severely wounded.
The jelly closely misses you.
You hit the jelly but do no damage.
Your hands burn!
The jelly is severely wounded.
You hit the jelly. You burn the jelly.
Your hands burn!
* * * LOW HITPOINT WARNING * * *
The jelly is severely wounded.
The jelly barely misses you.
You hit the jelly but do no damage. The acid corrodes you!
Your hands burn!
* * * LOW HITPOINT WARNING * * *
The jelly is severely wounded.
The jelly hits you.
* * * LOW HITPOINT WARNING * * *
The acid corrodes you!
You are splashed with acid!
* * * LOW HITPOINT WARNING * * *
You hit the jelly. You burn the jelly.
Your hands burn!
* * * LOW HITPOINT WARNING * * *
The jelly is almost dead.
The jelly hits you.
* * * LOW HITPOINT WARNING * * *
The acid corrodes you!
You are splashed with acid!
You die...

#..................####'#...
#..................#....#...
#.......................#...
###'###+#...............#...
#.....+...............#...
###....##...........#####...
#......+............# #....#
#......#...J........###....#
#......#...@................
#......#+##...[...(.........
#...........###....######+##
#...........# #....######+##
#..........## #.............
#..........####.............
#.......[.....##............
#.............##..........#.
#..........(..............##


You could see a jelly.

Vanquished Creatures
  Pikel (D:5)
  A wyvern (D:5)
  An ice beast (D:5)
  A black bear (D:5)
  A centaur (D:5)
  4 lemures (D:5)
  Blork the orc (D:6)
  A bullfrog zombie (D:6)
  A bullfrog skeleton (D:5)
  A howler monkey zombie (D:5)
  5 adders
  An ufetubus (D:5)
  2 worms (D:5)
  2 dart slugs
  8 orcs
  6 ball pythons
  2 bats (D:1)
  5 endoplasms (D:1)
  A giant cockroach (D:1)
  3 goblins (D:1)
  4 hobgoblins (D:1)
  4 kobolds (D:1)
  3 quokkas
  5 frilled lizards
  6 rats
70 creatures vanquished.

Notes
Turn   | Place    | Note
-------+----------+-------------------------------------------
     0 | D:1      | Crownlay the Minotaur Fighter began the quest for the Orb.
     0 | D:1      | Reached XP level 1. HP: 19/19 MP: 0/0
    67 | D:1      | Reached skill level 3 in Axes
   215 | D:1      | Reached XP level 2. HP: 22/26 MP: 1/1
   538 | D:1      | Reached skill level 4 in Axes
   651 | D:1      | Reached XP level 3. HP: 31/31 MP: 2/2
   861 | D:1      | Found a faded altar of an unknown god.
  1224 | D:2      | Reached skill level 5 in Axes
  1349 | D:3      | Reached XP level 4. HP: 33/39 MP: 3/3
  1366 | D:3      | You fall into a shaft and drop 2 floors!
  1366 | D:5      | Entered Level 5 of the Dungeon
  1368 | D:5      | Noticed a wyvern
  1375 | D:5      | Killed a wyvern
  1376 | D:5      | Reached skill level 7 in Axes
  1376 | D:5      | Reached XP level 5. HP: 34/45 MP: 4/4
  1396 | D:5      | Noticed a centaur
  1405 | D:5      | Killed a centaur
  1406 | D:5      | Reached XP level 6. HP: 16/51 MP: 5/5
  1407 | D:5      | Reached skill level 8 in Axes
  1468 | D:5      | Noticed Pikel
  1483 | D:5      | Killed Pikel
  1484 | D:5      | Reached skill level 10 in Axes
  1484 | D:5      | Reached XP level 7. HP: 23/57 MP: 6/6
  1642 | D:5      | Reached skill level 11 in Axes
  1642 | D:5      | Reached XP level 8. HP: 62/64 MP: 7/7
  1734 | D:5      | Found Gisarphub's Distillery.
  1978 | D:6      | Noticed Blork the orc
  1991 | D:6      | Killed Blork the orc
  2034 | D:5      | HP: 3/64 [jelly (3)]
  2034 | D:5      | Splashed by a jelly's acid

Illustrated notes

Levels and vault maps discovered:
D:1:      minmay_arrival_radiant_lines, layout_loops_ring,
          shapermc_ecumenical_altar_mp_vishouse
D:2:      minmay_evil_eye, layout_loops_cross, kennysheep_generic_room_4
D:3:      layout_basic, minmay_misc_feat_roman, kennysheep_generic_room_5
D:5:      layout_basic, serial_shops, shop, uniq_pikel
D:6:      minmay_chambers_of_sixes, layout_loops_ring, uniq_blork_the_orc

Skill      XL: |  1  2  3  4  5  6  7 |
---------------+----------------------+-----
Axes           | 3 4 5 7 10 11 | 11.5
Fighting       | |  3.6
Armour         | |  3.6
Shields        | |  3.6

Action                   |  1- 3 |  4- 6 |  7- 9 || total
-------------------------+-------+-------+-------++-------
Melee: War axe           |    76 |       |       ||    76
       Headbutt          |     9 |     4 |     7 ||    20
       Hand axe          |     4 |    24 |    49 ||    77
  Use: Potion            |       |     1 |       ||     1
Armor: Scale mail        |    40 |    10 |     8 ||    58
Dodge: Dodged            |    39 |    17 |    18 ||    74
